 Dungeon Crawl Stone Soup version 0.32-a0-886-g41c5271027 (webtiles) character file.

Game seed: 5053919488134426631

445 TacoSundae the Changeling (level 7, -1/76 HPs)
             Began as a Merfolk Shapeshifter on Apr 2, 2024.
             Slain by a phantom (5 damage)
             ... on level 4 of the Dungeon.
             The game lasted 00:13:03 (3869 turns).

TacoSundae the Changeling (Merfolk Shapeshifter)    Turns: 3869, Time: 00:13:03

Health: -1/76      AC: 23    Str: 17    XL:     7   Next: 3%
Magic:  7/7        EV:  2    Int:  9    God:
Gold:   196        SH:  0    Dex: 13    Spells: 6/6 levels left

rFire   . .          .
                       - Unarmed
rCold   . . .        (no shield)
rNeg    . . .        j - melded +0 leather armour
rPois   +            (helmet currently unavailable)
rElec   .            (cloak currently unavailable)
rCorr   .            (gloves currently unavailable)
SInv    .            (boots currently unavailable)
Will    .....        (no amulet)
Stlth   +            (no ring)
HPRegen 0.32/turn    (no ring)
MPRegen 0.10/turn

%: no passive effects
@: tree-form
A: stationary, stasis, torment immunity, boosted hp, (nimble swimmer 2),
(mertail)
a: no special abilities


You were on level 4 of the Dungeon.
You were a tree.
You visited 1 branch of the dungeon, and saw 4 of its levels.
You also visited: Sewer.

You collected 196 gold pieces.

Inventory:

Armour
 j - a +0 leather armour (melded)
Magical Staves
 n - a staff of alchemy
Jewellery
 o - a ring of ice
Talismans
 c - a beast talisman (active)
 d - a flux talisman
 p - a blade talisman
Wands
 i - a wand of charming (5)
Scrolls
 a - a scroll of blinking
 e - a scroll of teleportation
 q - a scroll of enchant armour {unknown}
Potions
 f - a potion of haste
 g - 2 potions of curing
 h - a potion of brilliance
 k - 2 potions of heal wounds {unknown}
 l - 2 potions of invisibility {unknown}
 r - a potion of enlightenment {unknown}
Miscellaneous
 m - a box of beasts


   Skills:
 - Level 2.9 Fighting
 - Level 4.4 Dodging
 - Level 5.3 Unarmed Combat
 * Level 6.7 Shapeshifting


You had 6 spell levels left.
You didn't know any spells.
Your spell library contained the following spells:

 Spells                   Type           Power      Damage    Failure   Level
 Lesser Beckoning         Tloc           0%         N/A       52%         2
 Maxwell's Portable Pile  Tloc           0%         2d(5-13)  77%         3
 Teleport Other           Tloc           0%         N/A       77%         3


Dungeon Overview and Level Annotations

Branches:
Dungeon (4/15)              Sewer (visited)
 Temple: D:4-7

Altars:
Makhleb
Sif Muna
Wu Jian

Shops:
D:4 =

Annotations:
D:4 4 runed translucent doors


Innate Abilities, Weirdness & Mutations

You are a tree.
Your roots penetrate the ground, keeping you stationary.
You cannot be teleported.
You are immune to unholy pain and torment.
Your maximum health is greatly increased.
Your equipment is partially melded.
((You are very nimble when in or above water. (Stealth+, EV+, Speed+++)))
((Your lower body shifts to a powerful aquatic tail in water.))


Message History

You barely miss the phantom.
The phantom is severely damaged.
The phantom hits you.
* * * LOW HITPOINT WARNING * * *
The phantom blinks!
You blink.
You closely miss the phantom.
The phantom is severely damaged.
The phantom hits you.
* * * LOW HITPOINT WARNING * * *
The phantom blinks!
You blink.
You feel better. The phantom hits you.
* * * LOW HITPOINT WARNING * * *
You barely miss the phantom.
The phantom is severely damaged.
The phantom hits you.
* * * LOW HITPOINT WARNING * * *
The phantom blinks!
You blink.
You barely miss the phantom.
You punch the phantom, but do no damage.
The phantom is severely damaged.
The phantom hits you.
* * * LOW HITPOINT WARNING * * *
The phantom blinks!
You blink.
You barely miss the phantom. Your punch misses the phantom.
The phantom is severely damaged.
The phantom hits you.
* * * LOW HITPOINT WARNING * * *
The phantom blinks!
You blink.
You feel better. The phantom hits you!
* * * LOW HITPOINT WARNING * * *
Your transformation has ended.
You turn into a tree.
Your +0 leather armour melds into your body.
Your roots penetrate the ground.
The phantom hits you but does no damage.
Unknown command.
You closely miss the phantom.
The phantom is severely damaged.
The phantom hits you.
You die...

#ß..ß##.....###.#..
##++##..#.#........
.......##...##########
##. ..# #.#.#........#
##g #.#.'........#
#.#.#.....§..#
#.#.#........#
#...#.!.W....#
###.#..♣.....#
#.#........'.#
#.#........#...#
##########.### # ) . #


You could see a phantom.

Vanquished Creatures
  2 bullfrogs (Sewer)
  An orc priest (D:4)
  A bombardier beetle (D:3)
  A hound (D:4)
  An orc wizard (D:4)
  3 gnolls
  5 adders
  13 dart slugs
  10 orcs
  5 bats
  An endoplasm (D:2)
  4 giant cockroaches
  5 goblins
  6 hobgoblins
  5 jackals
  6 kobolds
  3 quokkas
  9 ball pythons
  15 frilled lizards
  9 rats
105 creatures vanquished.

Notes
Turn   | Place    | Note
-------+----------+-------------------------------------------
     0 | D:1      | TacoSundae the Merfolk Shapeshifter began the quest for the
                  | Orb.
     0 | D:1      | Reached XP level 1. HP: 15/15 MP: 1/1
   271 | D:1      | Reached XP level 2. HP: 21/21 MP: 2/2
   725 | D:1      | Reached XP level 3. HP: 26/26 MP: 3/3
  1523 | D:2      | Reached XP level 4. HP: 33/33 MP: 4/4
  1853 | D:3      | Found a shimmering blue altar of Sif Muna.
  2084 | D:3      | Found an ornate altar of the Wu Jian Council.
  2375 | D:3      | Found a burning altar of Makhleb.
  2595 | D:3      | Reached skill level 5 in Shapeshifting
  2688 | D:3      | Reached XP level 5. HP: 38/38 MP: 5/5
  2927 | D:4      | Found Opukifin's Jewellery Shop.
  3103 | D:4      | Found a glowing drain.
  3134 | Sewer    | Entered a sewer
  3311 | Sewer    | Reached XP level 6. HP: 45/46 MP: 6/6
  3317 | Sewer    | Reached skill level 5 in Unarmed Combat
  3317 | Sewer    | Reached skill level 6 in Shapeshifting
  3648 | D:4      | Found a large runed translucent door.
  3648 | D:4      | Found a large runed translucent door.
  3651 | D:4      | Noticed a water moccasin
  3653 | D:4      | Found the +8 pair of quick blades "Gyre" and "Gimble"
                  | {protect}
  3659 | D:4      | Found a large runed translucent door.
  3659 | D:4      | Found a large runed translucent door.
  3690 | D:4      | Reached XP level 7. HP: 19/51 MP: 7/7
  3866 | D:4      | HP: 1/51 [phantom (3)]
  3869 | D:4      | Slain by a phantom

Illustrated notes

Levels and vault maps discovered:
D:1:      erik_arrival_blinker_ship, layout_loops_corners,
          hangedman_glass_teeth, solitary_fountain,
          amcnicky_mini_corridor_feature
D:2:      layout_basic
D:3:      layout_loops_ring, mainiacjoe_overflow_boulevard,
          mainiacjoe_overflow_catch_the_wave
D:4:      layout_loops_cross, serial_shops, nicolae_shop_tiny_waterfront,
          portal_sewer_entry_d, kennysheep_nondescript, minivault_25,
          minmay_hollow_rounded_squares

Skill      XL: |  1  2  3  4  5  6 |
---------------+-------------------+-----
Dodging        | 3 4 |  4.4
Unarmed Combat | 4 5 |  5.3
Fighting       | 2 |  2.9
Shapeshifting  | 5 6 |  6.7

Action                     |  1- 3 |  4- 6 |  7- 9 || total
---------------------------+-------+-------+-------++-------
  Melee: Unarmed           |    90 |   178 |    26 ||   294
         Punch             |       |     2 |     1 ||     3
         Tailslap          |       |    11 |       ||    11
    Use: Scroll            |       |     7 |       ||     7
         Potion            |       |     2 |     3 ||     5
   Stab: Sleeping          |     2 |       |       ||     2
 Armour: Animal skin       |    28 |    29 |       ||    57
         Leather armour    |       |    61 |    19 ||    80
         Skin              |       |       |     2 ||     2
  Dodge: Dodged            |    50 |    91 |     4 ||   145

Table legend: (Time is in decaauts)
 A = Elapsed time spent in this place.
 B = Non-inter-level travel time spent in this place.
 C = Inter-level travel time spent in this place.
 D = Time resting spent in this place.
 E = Time spent auto-exploring this place.
 F = Levels seen in this place.
 G = Mean time per level.
                   A        B        C        D        E       F      G
               +--------+--------+--------+--------+--------+-----+--------+
         Total |   3766 |   3633 |    133 |    420 |   1992 |   5 |  753.2 |
       Dungeon |   3521 |   3388 |    133 |    354 |   1992 |   4 |  880.2 |
         Sewer |    245 |    245 |      0 |     66 |      0 |   1 |  245.0 |
               +--------+--------+--------+--------+--------+-----+--------+

Top non-repeatable levels by time:
     D:3: 1018 daAuts
     D:1: 989 daAuts
     D:2: 859 daAuts
     D:4: 655 daAuts
   Sewer: 245 daAuts
